AoeStats
← momoney9964

Nomad

510029263Analyzed
3v3 RM · 4d ago on Sep 29, 2026· 58m 27s· 6 players
Game mode
Random Map
Map size
210×210
Population
200
Speed
Normal
Resources
Standard
Victory
Conquest
Starting age
Dark Age
Ending age
Imperial Age
RankedLock teamsTeams togetherTeam positionsShared explorationLock speedFull tech treeHidden civsTurbo modeCheats
Victory
Defeat
🇺🇸 Varangians · United States
814
+13
🇺🇸 Khitans · United States
783
+15
🇺🇸 Britons · United States
738
+16
🇲🇽 Saxons · Mexico
811
-17
🇲🇽 Aztecs · Mexico
751
-15
🇲🇽 Spanish · Mexico
693
-12
Kcire_zr
16:27 Feudal Age
17:14 Arson
16:50 Man-at-Arms
17:48 Double-Bit Axe
17:47 Fishing Lines
24:06 Castle Age
22:46 Forging
22:36 Scale Mail Armor
23:04 Stone Mining
23:59 Gold Mining
25:46 Iron Casting
29:05 Squires
28:51 Gambesons
29:24 Chain Mail Armor
32:19 Wheelbarrow
32:32 Bloodlines
33:12 Bow Saw
33:49 Horse Collar
34:20 Gillnets
35:01 Husbandry
36:38 Heavy Plow
38:01 Gold Shaft Mining
42:06 Imperial Age
40:20 Loom
40:59 Scale Barding Armor
42:32 Heavy Scorpion
46:24 Plate Mail Armor
47:01 Two-Man Saw
46:01 Cavalier
47:41 Elite Varangian Guard
48:48 Siege Engineers
53:06 Chemistry
57:35 Chain Barding Armor
memito101091
3:41 Loom
14:13 Feudal Age
15:00 Double-Bit Axe
23:07 Castle Age
21:01 Gold Mining
22:33 Wheelbarrow
23:54 Stone Mining
24:55 Bow Saw
24:31 Eagle Warrior
26:32 Pikeman
28:50 Horse Collar
30:24 Medium Warships
31:28 Heavy Plow
37:26 Padded Archer Armor
37:29 Scale Mail Armor
37:40 Forging
40:12 Fishing Lines
43:40 Imperial Age
41:52 Gillnets
44:48 Murder Holes
45:54 Chemistry
46:36 Elite Eagle Warrior
48:05 Capped Ram
52:47 Iron Casting
53:57 Elite Jaguar Warrior
54:50 Siege Ram
rafa08slayer
4:47 Loom
17:48 Feudal Age
19:14 Wheelbarrow
22:51 Double-Bit Axe
28:03 Castle Age
27:20 Bloodlines
28:14 Pikeman
30:37 Bow Saw
32:10 Scale Barding Armor
31:51 Fishing Lines
34:18 Chain Barding Armor
35:13 Gillnets
35:32 Husbandry
36:45 Horse Collar
38:00 Gold Mining
38:56 Forging
40:40 Iron Casting
41:25 Squires
42:44 Hand Cart
44:41 Inquisition
51:06 Ballistics
60:58 Imperial Age
CaptSquigglyP_IV
4:27 Loom
16:07 Feudal Age
19:57 Wheelbarrow
21:39 Castle Age
20:22 Double-Bit Axe
29:19 Horse Collar
29:54 Bow Saw
31:05 Heavy Plow
32:06 Gold Mining
33:36 Hand Cart
34:18 Treadmill Crane
34:59 Ballistics
34:52 Fortified Wall
34:42 Stone Mining
36:41 Town Watch
37:02 Husbandry
39:59 Imperial Age
39:45 Forging
39:36 Scale Mail Armor
39:47 Squires
39:34 Gambesons
39:16 Pikeman
39:23 Elite Skirmisher
40:00 Fletching
40:11 Padded Archer Armor
41:00 Conscription
41:43 Chemistry
40:49 Siege Engineers
40:45 Murder Holes
42:24 Onager
45:28 Two-Man Saw
49:08 Masonry
52:50 Iron Casting
52:31 Chain Mail Armor
52:23 Scale Barding Armor
52:33 Leather Archer Armor
52:14 Bodkin Arrow
momoney9964
9:50 Loom
16:43 Feudal Age
19:18 Wheelbarrow
19:17 Double-Bit Axe
19:30 Stone Mining
25:01 Castle Age
31:21 Hand Cart
38:18 Imperial Age
36:03 Gold Mining
37:54 Ballistics
37:50 Fletching
38:01 Padded Archer Armor
39:43 Conscription
38:45 Elite Longbowman
41:48 Chemistry
40:30 Treadmill Crane
40:29 Onager
40:56 Elite Skirmisher
42:39 Yeomen
42:25 Warwolf
42:16 Pikeman
43:26 Bodkin Arrow
43:46 Leather Archer Armor
43:33 Scale Mail Armor
43:44 Forging
43:40 Scale Barding Armor
47:24 Cranequins
52:43 Bracer
53:13 Ring Archer Armor
53:00 Chain Mail Armor
53:20 Iron Casting
53:06 Chain Barding Armor
53:04 Bow Saw
56:08 Plate Mail Armor
Hans Brix
4:00 Loom
15:41 Feudal Age
16:42 Fishing Lines
19:46 Wheelbarrow
19:07 Double-Bit Axe
19:52 Arson
23:06 Forging
25:31 Castle Age
28:37 Husbandry
30:25 Medium Warships
31:10 Hand Cart
34:46 Town Watch
38:48 Fervor
39:37 Town Patrol
44:03 Squires
45:38 Thumb Ring
44:57 Crossbowman
47:01 Lamellar Armor
53:44 Pikeman
54:12 Gambesons
60:53 Imperial Age
58:28 Stone Mining
58:28 Gold Mining
58:42 Scale Mail Armor
Connection lost

Rejoining the realm…

Still unreachable

The connection could not be restored.

Session expired

The server has moved on; the page needs a fresh start.